 Dungeon Crawl Stone Soup version 0.24.0-13-gcf9b319 (webtiles) character file.

Game seed: 1015893549432059586, levelgen mode: deterministic

86 Bob6969 the Grave Robber (level 4, -2/32 (33) HPs)
             Began as a Ghoul Necromancer on Mar 20, 2020.
             Was a Follower of Nemelex Xobeh.
             Slain by an orc
             ... wielding a +0 hand axe
              (4 damage)
             ... on level 3 of the Dungeon on Mar 21, 2020.
             The game lasted 00:21:09 (2813 turns).

Bob6969 the Grave Robber (Ghoul Necromancer)        Turns: 2813, Time: 00:21:09

HP:   -2/32 (33)    AC:  4    Str: 11    XL:     4   Next: 49%
MP:   1/6           EV: 12    Int: 11    God:    Nemelex Xobeh [*.....]
Gold: 134           SH:  0    Dex:  9    Spells: 6/8 levels left

rFire    . . .     SeeInvis .   e - +1 dagger
rCold    + . .     Gourm    .   (no shield)
rNeg     + + +     Faith    .   a - +0 robe
rPois    ∞         Spirit   .   (no helmet)
rElec    .         Reflect  .   (no cloak)
rCorr    .         Harm     .   k - +0 pair of gloves
MR       .....                  m - +0 pair of boots
Stlth    ++........             (no amulet)
HPRegen  0.00/turn              (no ring)
MPRegen  0.10/turn              (no ring)

@: rotting
A: rotting body, claws 1, carnivore, cold resistance 1, negative energy
resistance 3, inhibited regeneration, torment resistance, unbreathing
a: Draw Escape, Draw Destruction, Draw Summoning, Renounce Religion


You were on level 3 of the Dungeon.
You worshipped Nemelex Xobeh.
Nemelex Xobeh was aware of your devotion.
You were hungry.

You visited 1 branch of the dungeon, and saw 3 of its levels.

You collected 134 gold pieces.

Inventory:

Hand Weapons
 d - a +0 short sword
 e - a +1 dagger (weapon)
Missiles
 l - 55 stones (quivered)
Armour
 a - a +0 robe (worn)
 k - a +0 pair of gloves (worn)
 m - a +0 pair of boots (worn)
Wands
 h - a wand of digging (3)
Scrolls
 b - a scroll of identify
 g - a scroll of immolation
 o - a scroll of random uselessness {unknown}
Potions
 i - 2 potions of flight
 j - a potion of haste {unknown}
Comestibles
 c - 4 rations
 f - 7 chunks of flesh


   Skills:
 + Level 0.2 Fighting
 + Level 1.0 Short Blades
 + Level 2.1 Dodging
 + Level 2.5 Stealth
 + Level 2.6 Spellcasting
 + Level 4.6 Necromancy


You had 6 spell levels left.
You knew the following spells:

 Your Spells              Type           Power        Failure   Level  Hunger
a - Pain                  Necr           ##..         4%          1    ##.....
b - Animate Skeleton      Necr           N/A          4%          1    ##.....

Your spell library contained the following spells:

 Spells                   Type           Power        Failure   Level  Hunger
 Vampiric Draining        Necr           ##........   12%         3    ####...
 Regeneration             Chrm/Necr      #.........   32%         3    ####...
 Animate Dead             Necr           N/A          38%         4    #####..


Dungeon Overview and Level Annotations

Branches:
Dungeon (3/15)

Altars:
Fedhas
Nemelex Xobeh
The Shining One


Innate Abilities, Weirdness & Mutations

Your body is rotting away.
You thrive on raw meat.
You are immune to poison.
You have sharp fingernails.
You are carnivorous and can eat meat at any time.
Your flesh is cold resistant. (rC+)
You are immune to negative energy. (rN+++)
You do not regenerate when monsters are visible.
You are immune to unholy pain and torment.
You can survive without breathing.


Message History

Aiming: Pain (safe; 4% risk of failure)
Press: ? - help, Shift-Dir - straight line, f/p - orc
Aim: an orc, wielding a +0 hand axe and wearing a +0 leather armour (heavily wounded, chance to defeat MR: 80%)
The orc writhes in agony.
Casting: Pain (safe; 4% risk of failure)
Confirm with . or Enter, or press ? or * to list all spells.
Aiming: Pain (safe; 4% risk of failure)
Press: ? - help, Shift-Dir - straight line, f/p - orc
Aim: an orc, wielding a +0 hand axe and wearing a +0 leather armour (heavily wounded, chance to defeat MR: 80%)
The orc barely resists.
Casting: Pain (safe; 4% risk of failure)
Confirm with . or Enter, or press ? or * to list all spells.
Aiming: Pain (safe; 4% risk of failure)
Press: ? - help, Shift-Dir - straight line, f/p - orc
Aim: an orc, wielding a +0 hand axe and wearing a +0 leather armour (heavily wounded, chance to defeat MR: 80%)
The orc barely resists.
The orc hits you with a +0 hand axe.
* * * LOW HITPOINT WARNING * * *
The orc hits you with a +0 hand axe.
You die...
Your body disappears without a glow.

..#......................#
#(..#####..####..........#
##o..# ##....####.).#####
###o## ####%###..###
#..### #..##.##
##...######.##o# ###....#
#..#o# ........#$# ##.#o#
........#.####.@.#
.......[#.....#..#
........#####....#
........# ###...#
........# ##.## ###..####
.## #


You could see an orc wizard and 2 orcs.

Vanquished Creatures
  2 adders (D:2)
  A worm (D:2)
  2 dart slugs
  4 leopard geckos
  2 orcs (D:3)
  5 goblins
  5 hobgoblins
  3 jackals (D:2)
  9 kobolds
  A quokka (D:2)
  11 bats
  2 frilled lizards
  4 rats
51 creatures vanquished.

Vanquished Creatures (collateral kills)
  A jackal (D:2)
  A kobold (D:3)
  A rat (D:1)
3 creatures vanquished.

Grand Total: 54 creatures vanquished

Notes
Turn   | Place    | Note
-------+----------+-------------------------------------------
     0 | D:1      | Bob6969 the Ghoul Necromancer began the quest for the Orb.
     0 | D:1      | Reached XP level 1. HP: 14/14 MP: 2/2
    15 | D:1      | Learned a level 1 spell: Animate Skeleton
   102 | D:1      | Reached XP level 2. HP: 18/20 MP: 0/3
   369 | D:1      | Reached XP level 3. HP: 20/26 MP: 1/5
   706 | D:1      | Found a glowing golden altar of the Shining One.
  1150 | D:2      | Found a sparkling altar of Nemelex Xobeh.
  1164 | D:2      | Became a worshipper of Nemelex Xobeh the Trickster
  1223 | D:2      | Received a gift from Nemelex Xobeh
  1856 | D:2      | Reached XP level 4. HP: 33/33 MP: 3/6
  1875 | D:2      | Reached skill level 1 in Short Blades
  1890 | D:2      | Found a blossoming altar of Fedhas.
  2015 | D:2      | Reached * piety under Nemelex Xobeh
  2260 | D:2      | You fall into a shaft and drop 1 floor!
  2627 | D:3      | Received a gift from Nemelex Xobeh
  2813 | D:3      | Slain by an orc

Levels and vault maps discovered:
D:1:      minmay_arrival_jagged, layout_loops_ring, minmay_misc_feat_five,
          minmay_misc_feat_four_crosses, tso_altar
D:2:      layout_basic, lemuel_coloured_pillars_altar, nemelex_altar_shiori
D:3:      minmay_diamond_boxcup, layout_rooms, first_ration, grunt_ministairs_7,
          palyth_stone_intersect, kennysheep_small_spiral, uniq_terence

Skill      XL: |  1  2  3  4 |
---------------+-------------+-----
Spellcasting   | 2 |  2.6
Dodging        | 2 |  2.1
Short Blades   | 1 |  1.0
Fighting       | |  0.2
Stealth        | |  2.5
Necromancy     | |  4.6

Action                   |  1- 3 |  4- 6 || total
-------------------------+-------+-------++-------
Melee: Unarmed           |     3 |       ||     3
       Dagger            |    55 |    14 ||    69
Throw: Throwing net      |       |     1 ||     1
 Cast: Pain              |    65 |    50 ||   115
       Animate Skeleton  |     4 |     3 ||     7
 Abil: Draw Destruction  |     1 |     4 ||     5
       Draw Summoning    |     1 |       ||     1
  Use: Scroll            |     5 |     3 ||     8
       Potion            |     1 |       ||     1
 Stab: Sleeping          |     1 |       ||     1
  Eat: Chunk             |     5 |     1 ||     6
       Ration            |     1 |       ||     1
Armor: Robe              |    16 |    11 ||    27
Dodge: Dodged            |    45 |    32 ||    77
